 Dungeon Crawl Stone Soup version 0.31.0-11-ge490571c62 (webtiles) character file.

Game seed: 8896619949594978142

58 qw the Shooter (level 3, 0/18 HPs)
             Began as a Spriggan Hunter on Feb 4, 2024.
             Slain by a gnoll
             ... wielding a +0 spear
              (8 damage)
             ... on level 2 of the Dungeon.
             The game lasted 00:00:06 (1161 turns).

qw the Shooter (Spriggan Hunter)                    Turns: 1161, Time: 00:00:07

Health: 0/18       AC:  3    Str: 10    XL:     3   Next: 75%
Magic:  4/4        EV: 19    Int: 10    God:
Gold:   55         SH:  0    Dex: 20    Spells: 2/2 levels left

rFire   + . .        a - +0 shortbow
rCold   . . .        (shield currently unavailable)
rNeg    . . .        c - +0 robe
rPois   .            d - +1 hat of Joy {rF+ Regen+ Str+3}
rElec   .            (no cloak)
rCorr   .            (gloves unavailable)
SInv    +            (boots unavailable)
Will    .....        (no amulet)
Stlth   ++           (no ring)
HPRegen 1.03/turn    (no ring)
MPRegen 0.09/turn

%: no passive effects
@: very quick
A: very small, no large weapons, unfitting armour, see invisible, speed 3
a: no special abilities


You were on level 2 of the Dungeon.
You visited 1 branch of the dungeon, and saw 2 of its levels.

You collected 55 gold pieces.


Innate Abilities, Weirdness & Mutations

You are very small and have problems with some larger weapons.
You are too small for most types of armour.
You have supernaturally acute eyesight. (SInv)
You cover ground extremely quickly. (Speed+++)


   Skills:
 - Level 1.5 Fighting
 + Level 4.9 Ranged Weapons
 - Level 4.0 Dodging
 - Level 1.5 Stealth


You had 2 spell levels left.
You didn't know any spells.
Your spell library was empty.

Inventory:

Hand Weapons
 a - a +0 shortbow (weapon)
Armour
 c - a +0 robe (worn)
 d - the +1 hat of Joy (worn) {rF+ Regen+ Str+3}
   (You acquired it on level 1 of the Dungeon)

   Str+3:     It affects your strength (+3).
   rF+:       It protects you from fire.
   Regen+:    It increases your rate of health regeneration.
Scrolls
 b - 3 scrolls of fear {unknown}
 e - 3 scrolls of identify {unknown}
 f - a scroll of enchant armour {unknown}
Potions
 g - a potion of brilliance {unknown}

Dungeon Overview and Level Annotations

Branches:
Dungeon (2/15)

Altars:

Shops:
D:2 (


Message History

The gnoll completely misses you. The gnoll misses you.
The gnoll closely misses you.
Enter note:
1152 ||| RETREEEEATING.
A hobgoblin comes into view.
The gnoll hits you from afar with a +0 spear.
The hobgoblin moves out of view.
Enter note:
1153 ||| RETREEEEATING.
You shoot an arrow. The arrow hits the gnoll.
You kill the gnoll!
An adder comes into view.
You shoot an arrow. The arrow hits the gnoll.
The gnoll is moderately wounded.
The gnoll completely misses you. The gnoll hits you with a +0 whip.
The gnoll barely misses you. The gnoll misses you.
You shoot an arrow. The arrow closely misses the gnoll.
The arrow hits the ball python.
You kill the ball python!
The gnoll barely misses you. The gnoll closely misses you.
You shoot an arrow. The arrow hits the gnoll.
The gnoll is heavily wounded.
The gnoll hits you from afar with a +0 spear.
The gnoll barely misses you.
You shoot an arrow. The arrow hits the gnoll.
The gnoll is severely wounded.
The gnoll completely misses you. x2
You shoot an arrow.
The arrow hits the gnoll but does no damage.
The gnoll is severely wounded.
The gnoll hits you from afar with a +0 spear!
The gnoll misses you.
You shoot an arrow. The arrow hits the gnoll.
The gnoll is almost dead.
The gnoll hits you from afar with a +0 spear.
The gnoll misses you.
You shoot an arrow. The arrow hits the gnoll.
You kill the gnoll!
The gnoll hits you from afar with a +0 spear!
You die...

#. #. ......# #. ...
.....# ###. #.# #..).#..
.. # ##.# ###....#.# ##
#.#... ......#.##
####.#..# #####...#...##
.......g####.........#..##
#....S@..........###...
####)####.###.##..#..##
#..........###...##
#.####.###.# ##.##
#..###.# #.# #.# ##.....#
#.# #.# ####### #.# #.#
#.. ..# ### ###


You could see a gnoll and an adder.

Vanquished Creatures
  2 gnolls (D:2)
  2 ribbon worms (D:2)
  2 ball pythons
  8 endoplasms
  4 giant cockroaches (D:1)
  5 goblins
  2 hobgoblins
  3 quokkas (D:1)
  2 bats
  A frilled lizard (D:2)
  6 kobolds
  3 rats (D:1)
40 creatures vanquished.

Notes
Turn   | Place    | Note
-------+----------+-------------------------------------------
     0 | D:1      | qw the Spriggan Hunter began the quest for the Orb.
     0 | D:1      | Reached XP level 1. HP: 10/10 MP: 2/2
     0 | D:1      | 0 ||| qw: Version: 0.3-a-160-g6735b56
     0 | D:1      | 0 ||| qw: Game counter: 5094
     0 | D:1      | 0 ||| qw: Melee chars always use a shield: true
     0 | D:1      | 0 ||| qw: God list: Okawaru
     0 | D:1      | 0 ||| qw: Allow faded altars: false
     0 | D:1      | 0 ||| qw: Do Orc after clearing Dungeon:15 true
     0 | D:1      | 0 ||| qw: Do second Lair branch before Depths: true
     0 | D:1      | 0 ||| qw: Lair rune preference: random
     0 | D:1      | 0 ||| qw: Goals: Normal
     0 | D:1      | 0 ||| PLANNING D:1-11
    46 | D:1      | Reached skill level 3 in Dodging
   152 | D:1      | Reached XP level 2. HP: 5/14 MP: 3/3
   209 | D:1      | 209 ||| RETREEEEATING.
   224 | D:1      | HP: 2/14 [goblin/+0 dagger (2)]
   482 | D:1      | Reached XP level 3. HP: 13/18 MP: 4/4
   750 | D:1      | 750 ||| DROPPING +6 ring of intelligence.
   751 | D:1      | 751 ||| READING scroll labelled VOAZA HAHASOFF.
   852 | D:1      | 852 ||| READING scroll labelled BAWUH VATWUO.
   852 | D:1      | Identified a scroll of acquirement
   852 | D:1      | 852 ||| ACQUIRING +1 hat of Joy {rF+ Regen+ Str+3}
   852 | D:1      | Acquired the +1 hat of Joy {rF+ Regen+ Str+3}
   854 | D:1      | 854 ||| UPGRADING to +1 hat of Joy {rF+ Regen+ Str+3}.
   859 | D:1      | 859 ||| DROPPING scroll of butterflies.
   892 | D:2      | Found Quan's Antique Weapon Boutique.
   913 | D:2      | 913 ||| SHOPLISTING transparent sling (182 gold, have 46).
  1151 | D:2      | 1151 ||| RETREEEEATING.
  1152 | D:2      | 1152 ||| RETREEEEATING.
  1153 | D:2      | 1153 ||| RETREEEEATING.
  1161 | D:2      | Slain by a gnoll

Levels and vault maps discovered:
D:1:      dpeg_arrival_yet_another_circle, layout_basic, interstate_on_off,
          st_stairs_11
D:2:      layout_loops_ring, serial_shops, shop

Skill      XL: |  1  2 |
---------------+-------+-----
Dodging        | 3 4 |  4.0
Fighting       | |  1.5
Ranged Weapons | |  4.9
Stealth        | |  1.5

Action                     || total
---------------------------++-------
   Fire: Shortbow          ||   123
    Use: Scroll            ||     2
 Armour: Robe              ||    32
  Dodge: Dodged            ||    71

Table legend:
 A = Non-vault XP
 B = Vault XP
 C = Vault XP percentage of total XP
 D = Non-vault monster count
 E = Vault monster count
 F = Vault count percentage of total count
                 A         B        C        D         E       F
            +---------+---------+-------+---------+---------+-------
      Total |      92 |       5 |   5.2 |      37 |       3 |   7.5
            +---------+---------+-------+---------+---------+-------
        D:1 |      39 |       5 |  11.4 |      22 |       3 |  12.0
        D:2 |      53 |       0 |   0.0 |      15 |       0 |   0.0
            +---------+---------+-------+---------+---------+-------
